 Dungeon Crawl Stone Soup version 0.31-a0-175-g9f7f995f2b (webtiles) character file.

Game seed: 1786065072458392504

27 qw the Shooter (level 3, -1/32 HPs)
             Began as a Naga Hunter on June 16, 2023.
             Slain by a jackal (2 damage)
             ... on level 1 of the Dungeon.
             The game lasted 00:00:10 (253 turns).

qw the Shooter (Naga Hunter)                         Turns: 253, Time: 00:00:10

Health: -1/32      AC:  2    Str: 13    XL:     3   Next: 10%
Magic:  3/3        EV:  9    Int:  9    God:
Gold:   41         SH:  0    Dex: 16    Spells: 2/2 levels left

rFire   . . .        a - +0 shortbow
rCold   . . .        (shield currently unavailable)
rNeg    . . .        c - +0 leather armour
rPois   +            (no helmet)
rElec   .            (no cloak)
rCorr   .            (no gloves)
SInv    +            (no barding)
Will    .....        (no amulet)
Stlth   ++           (no ring)
HPRegen 0.25/turn    (no ring)
MPRegen 0.08/turn

%: no passive effects
@: short of breath, very slow
A: AC +1, large, see invisible, deformed body, poison resistance, slowness 2,
spit poison 1, naga tail 1
a: Spit Poison


You were on level 1 of the Dungeon.
You visited 1 branch of the dungeon, and saw 1 of its levels.

You collected 41 gold pieces.


Innate Abilities, Weirdness & Mutations

Your serpentine skin is tough. (AC +1)
You have supernaturally acute eyesight. (SInv)
Armour fits poorly on your strangely shaped body.
Your system is resistant to poisons. (rPois)
You cover ground very slowly.
You can spit poison.
You have a snake-like lower body.


   Skills:
 - Level 2.0 Fighting
 + Level 4.5 Ranged Weapons
 - Level 1.5 Dodging
 - Level 1.5 Stealth


You had 2 spell levels left.
You didn't know any spells.
Your spell library was empty.

Inventory:

Hand Weapons
 a - a +0 shortbow (weapon)
Armour
 c - a +0 leather armour (worn)
 i - a +0 cloak
Jewellery
 j - a +4 ring of protection
Scrolls
 b - a scroll of butterflies
 d - a scroll of teleportation {unknown}
 e - a scroll of summoning {unknown}
 f - a scroll of revelation {unknown}
 g - a scroll of poison {unknown}
 h - a scroll of identify {unknown}
Potions
 k - a potion of haste {unknown}
 l - a potion of heal wounds {unknown}

Dungeon Overview and Level Annotations

Branches:
Dungeon (1/15)

Altars:


Message History

The dart slug barely misses you.
You shoot an arrow. The arrow barely misses the kobold.
The jackal closely misses you. The kobold completely misses you.
The jackal bites you. The dart slug closely misses you.
You shoot an arrow. The arrow hits the kobold.
You kill the kobold!
The jackal barely misses you.
You have reached level 3!
Your experience leads to an increase in your attributes!
Increase (S)trength, (I)ntelligence, or (D)exterity?
You feel agile. x2; Your skin feels tougher.
You shoot an arrow.
The arrow hits the dart slug but does no damage.
The jackal bites you. The ball python barely misses you.
The dart slug closely misses you. The jackal bites you.
The ball python bites you.
You shoot an arrow. The arrow hits the dart slug!
The dart slug is severely wounded.
You have got your breath back.
The jackal closely misses you.
A goblin comes into view. It is wielding a +0 club.
The ball python bites you. The dart slug bites you. The jackal bites you.
251 ||| INVOKING Spit Poison.
Aiming: Spit Poison (2% risk of failure)
Press: ? - help, Shift-Dir - straight line, f/p - dart slug The splash of poison hits the dart slug!
The dart slug is poisoned.
You kill the dart slug!
The ball python closely misses you. The jackal bites you.
The ball python bites you.
You shoot an arrow.
The arrow barely misses the ball python.
The jackal completely misses you. The jackal barely misses you.
The jackal bites you. The ball python barely misses you.
The jackal bites you but does no damage.
You shoot an arrow.
The arrow closely misses the ball python.
The jackal bites you. The ball python closely misses you.
The jackal barely misses you. The jackal bites you.
You die...

#.[...#.....##
.............##
..............#
..............#
.........%....#
..............# #######
..............# .......
.............####S......
#.....#.........@h......
#########..######h.....%
##########.# .......
#...##...#.# ..g....
...........# .......
...........######.......
................##..##..
).................... ..
..................


You could see 2 jackals, a goblin and a ball python.

Vanquished Creatures
  2 dart slugs (D:1)
  A ball python (D:1)
  2 endoplasms (D:1)
  A giant cockroach (D:1)
  A goblin (D:1)
  2 hobgoblins (D:1)
  2 jackals (D:1)
  2 kobolds (D:1)
  A quokka (D:1)
  3 bats (D:1)
  3 frilled lizards (D:1)
20 creatures vanquished.

Notes
Turn   | Place    | Note
-------+----------+-------------------------------------------
     0 | D:1      | qw the Naga Hunter began the quest for the Orb.
     0 | D:1      | Reached XP level 1. HP: 19/19 MP: 1/1
     0 | D:1      | 0 ||| qw: Version: 0.2-a-29-g511e9b1
     0 | D:1      | 0 ||| qw: Game counter: 5843
     0 | D:1      | 0 ||| qw: Always use a shield: true
     0 | D:1      | 0 ||| qw: God list: Okawaru
     0 | D:1      | 0 ||| qw: Allow faded altars: false
     0 | D:1      | 0 ||| qw: Do Orc after D:15 true
     0 | D:1      | 0 ||| qw: Do second Lair branch before Depths: true
     0 | D:1      | 0 ||| qw: Lair rune preference: random
     0 | D:1      | 0 ||| qw: Plans: Normal
     0 | D:1      | 0 ||| PLANNING D:1-11
    45 | D:1      | 45 ||| INVOKING Spit Poison.
    63 | D:1      | 63 ||| INVOKING Spit Poison.
   100 | D:1      | 100 ||| INVOKING Spit Poison.
   101 | D:1      | Reached skill level 4 in Ranged Weapons
   101 | D:1      | Reached XP level 2. HP: 26/26 MP: 2/2
   167 | D:1      | 167 ||| INVOKING Spit Poison.
   194 | D:1      | 194 ||| INVOKING Spit Poison.
   198 | D:1      | 198 ||| INVOKING Spit Poison.
   232 | D:1      | 232 ||| INVOKING Spit Poison.
   238 | D:1      | 238 ||| INVOKING Spit Poison.
   244 | D:1      | 244 ||| INVOKING Spit Poison.
   249 | D:1      | Reached XP level 3. HP: 13/32 MP: 3/3
   250 | D:1      | HP: 7/32 [dart slug (2)]
   251 | D:1      | 251 ||| INVOKING Spit Poison.
   252 | D:1      | HP: 3/32 [jackal (1)]
   253 | D:1      | HP: 1/32 [jackal (3)]
   253 | D:1      | Slain by a jackal

Levels and vault maps discovered:
D:1:      dpeg_arrival_signposts, layout_rooms

Skill      XL: |  1 |
---------------+----+-----
Ranged Weapons | 4 |  4.5
Fighting       | |  2.0
Dodging        | |  1.5
Stealth        | |  1.5

Action                     || total
---------------------------++-------
   Fire: Shortbow          ||    32
Ability: Spit Poison       ||    10
 Armour: Leather armour    ||     6
  Dodge: Dodged            ||    25

Table legend:
 A = Non-vault XP
 B = Vault XP
 C = Vault XP percentage of total XP
 D = Non-vault monster count
 E = Vault monster count
 F = Vault count percentage of total count
                 A         B        C        D         E       F
            +---------+---------+-------+---------+---------+-------
      Total |      39 |       0 |   0.0 |      20 |       0 |   0.0
            +---------+---------+-------+---------+---------+-------
        D:1 |      39 |       0 |   0.0 |      20 |       0 |   0.0
            +---------+---------+-------+---------+---------+-------
